AoeStats
← Apoloinsider

Oasis

509465530Analyzed
4v4 RM · 6d ago on Sep 26, 2026· 86m 56s· 8 players
Game mode
Random Map
Map size
Large (8 player)
Population
200
Speed
Normal
Resources
Standard
Victory
Conquest
Starting age
Dark Age
Ending age
Imperial Age
RankedLock teamsTeams togetherTeam positionsShared explorationLock speedFull tech treeHidden civsTurbo modeCheats
Victory
Defeat
🇨🇱 Franks · Chile
838
+11
🇨🇱 Saxons · Chile
779
+13
621
+20
🇧🇷 Georgians · Brazil
596
+21
🇨🇴 Spanish · Colombia
771
-19
🇨🇱 Persians · Chile
728
-17
🇩🇪 Magyars · Germany
725
-17
🇺🇸 Burgundians · United States
614
-12
Señor_Bingus
2:08 Loom
12:39 Feudal Age
18:50 Castle Age
19:12 Scale Barding Armor
19:02 Double-Bit Axe
19:04 Horse Collar
21:20 Wheelbarrow
20:31 Town Watch
21:24 Bow Saw
23:06 Caravan
24:54 Heavy Plow
31:29 Bloodlines
35:20 Husbandry
35:45 Chain Barding Armor
39:18 Imperial Age
36:20 Light Cavalry
37:09 Corvinian Army
39:25 Cavalier
40:48 Plate Barding Armor
40:58 Paladin
44:09 Elite Magyar Huszar
45:42 Crop Rotation
51:34 Hand Cart
51:20 Town Patrol
aMpReULTIMATE
0:35 Loom
11:18 Feudal Age
10:05 Double-Bit Axe
11:44 Horse Collar
12:28 Town Watch
14:01 Heavy Plow
15:32 Bow Saw
16:18 Stone Mining
18:07 Wheelbarrow
20:01 Gold Mining
24:41 Castle Age
24:48 Forging
24:28 Fletching
25:22 Gold Shaft Mining
25:25 Stone Shaft Mining
26:21 Husbandry
27:20 Scale Barding Armor
27:51 Iron Casting
27:40 Cavalier
29:31 Squires
32:15 Chain Barding Armor
33:20 Two-Man Saw
33:05 Pikeman
33:51 Scale Mail Armor
37:06 Ballistics
36:57 Fortified Wall
38:29 Chain Mail Armor
43:05 Imperial Age
41:46 Bodkin Arrow
42:13 Treadmill Crane
42:28 Murder Holes
42:45 Masonry
42:40 Elite Skirmisher
46:22 Chemistry
45:53 Architecture
45:24 Paladin
54:44 Hand Cart
55:02 Crop Rotation
55:39 Careening
62:25 Plate Mail Armor
62:56 Blast Furnace
61:21 Halberdier
63:19 Conscription
63:34 Hoardings
63:46 Hoardings
69:07 Plate Barding Armor
77:36 Light Cavalry
krodie1029
13:37 Feudal Age
15:04 Horse Collar
15:29 Double-Bit Axe
15:52 Gold Mining
21:38 Castle Age
20:02 Scale Barding Armor
21:17 Bloodlines
22:24 Heavy Plow
23:06 Wheelbarrow
26:03 Forging
26:14 Chain Barding Armor
29:12 Iron Casting
32:13 Hand Cart
38:52 Imperial Age
36:43 Husbandry
37:23 Murder Holes
37:50 Ballistics
37:40 Caravan
41:11 Plate Barding Armor
41:38 Blast Furnace
40:02 Cavalier
41:28 Conscription
45:31 Paladin
PREDA_JUANK
0:36 Loom
12:46 Feudal Age
19:12 Castle Age
19:32 Wheelbarrow
20:48 Double-Bit Axe
22:43 Bow Saw
24:10 Fletching
26:00 Horse Collar
27:58 Bodkin Arrow
28:04 Padded Archer Armor
29:19 Caravan
29:18 Crossbowman
30:10 Heavy Plow
31:58 Leather Archer Armor
34:59 Imperial Age
32:19 Town Watch
33:13 Thumb Ring
35:52 Kamandaran
40:11 Ballistics
42:30 Chemistry
43:01 Leather Archer Armor
42:47 Scale Mail Armor
42:58 Forging
42:53 Scale Barding Armor
47:02 Husbandry
46:23 Cavalier
48:17 Heavy Scorpion
49:39 Squires
48:59 Pikeman
49:52 Halberdier
52:32 Chain Mail Armor
52:53 Iron Casting
54:16 Savar
73:48 Blast Furnace
73:19 Plate Mail Armor
Apoloinsider
2:45 Loom
13:46 Feudal Age
14:28 Town Watch
17:36 Wheelbarrow
22:05 Bloodlines
24:09 Arson
24:54 Man-at-Arms
30:01 Castle Age
28:36 Forging
29:24 Padded Archer Armor
29:47 Double-Bit Axe
29:45 Horse Collar
31:32 Husbandry
31:01 Light Cavalry
32:15 Squires
32:18 Pikeman
34:32 Coinage
33:53 Gambesons
35:31 Scale Mail Armor
38:25 Leather Archer Armor
38:01 Fletching
38:33 Hand Cart
39:55 Bow Saw
40:28 Scale Barding Armor
40:32 Long Swordsman
42:24 Heavy Plow
43:25 Ballistics
43:04 Murder Holes
43:21 Fortified Wall
44:42 Svan Towers
45:47 Masonry
47:21 Elite Skirmisher
52:45 Imperial Age
50:51 Guard Tower
70:57 Treadmill Crane
74:42 Imperial Age
75:00 Iron Casting
75:14 Gold Mining
75:15 Stone Mining
78:39 Crop Rotation
77:50 Two-Handed Swordsman
79:22 Hussar
81:59 Chemistry
81:23 Sanctity
80:47 Capped Ram
82:33 Architecture
83:48 Halberdier
85:10 Hoardings
85:00 Conscription
84:51 Sappers
85:43 Careening
85:43 Clinker Construction
Leoking
2:59 Loom
11:12 Feudal Age
12:12 Double-Bit Axe
20:56 Castle Age
22:01 Husbandry
25:05 Wheelbarrow
26:54 Caravan
30:58 Bow Saw
35:33 Imperial Age
33:16 Murder Holes
33:45 Scale Barding Armor
34:07 Hand Cart
33:38 Town Watch
35:17 Chain Barding Armor
35:08 Forging
34:58 Ordonnance Companies
35:32 Stone Mining
35:46 Gold Mining
35:35 Cavalier
38:21 Chivalry
41:38 Plate Barding Armor
41:39 Iron Casting
42:27 Paladin
44:56 Gold Shaft Mining
45:44 Blast Furnace
54:35 Scale Mail Armor
54:26 Fletching
54:37 Padded Archer Armor
54:40 Town Patrol
55:03 Ballistics
55:44 Chemistry
54:29 Arrowslits
54:35 Guard Tower
54:56 Fortified Wall
54:52 Siphons
54:58 Clinker Construction
54:58 Careening
54:54 Siege Engineers
55:00 Masonry
54:30 Treadmill Crane
55:02 Fervor
55:09 Block Printing
55:19 Illumination
54:55 Devotion
55:16 Sanctity
73:38 Chain Mail Armor
75:42 Elite Throwing Axeman
76:58 Hoardings
Máfia - so porradao de longe!
0:43 Loom
13:11 Feudal Age
14:33 Wheelbarrow
14:21 Double-Bit Axe
21:19 Town Watch
22:47 Horse Collar
29:21 Castle Age
27:23 Gold Mining
27:24 Stone Mining
28:40 Forging
28:32 Scale Mail Armor
28:33 Padded Archer Armor
28:24 Fletching
28:58 Arson
30:24 Hand Cart
30:34 Heavy Plow
30:40 Man-at-Arms
31:22 Squires
32:10 Heavy Plow
33:20 Bow Saw
33:03 Gambesons
33:33 Long Swordsman
33:56 Elite Skirmisher
34:20 Pikeman
35:39 Town Patrol
36:59 Thumb Ring
38:37 Iron Casting
39:28 Masonry
39:16 Murder Holes
41:03 Chain Mail Armor
40:46 Bodkin Arrow
40:34 Treadmill Crane
40:49 Guard Tower
42:53 Ballistics
42:46 Fortified Wall
44:54 Gold Shaft Mining
57:42 Crossbowman
62:08 Imperial Age
61:48 Leather Archer Armor
66:26 Conscription
65:33 Two-Handed Swordsman
65:36 Halberdier
82:35 Champion
¿Adriixx?
18:31 Feudal Age
19:47 Wheelbarrow
19:00 Double-Bit Axe
18:57 Horse Collar
19:11 Gold Mining
19:13 Stone Mining
23:17 Fletching
23:38 Forging
26:20 Castle Age
25:28 Scale Mail Armor
25:29 Padded Archer Armor
25:35 Scale Barding Armor
27:58 Hand Cart
28:15 Caravan
28:19 Squires
28:05 Gambesons
28:34 Bow Saw
28:03 Pikeman
28:55 Heavy Plow
31:02 Bodkin Arrow
31:52 Gold Shaft Mining
34:39 Imperial Age
32:55 Fortified Wall
33:49 Murder Holes
34:34 Iron Casting
34:22 Chain Mail Armor
34:23 Leather Archer Armor
34:41 Bloodlines
34:31 Husbandry
38:08 Chemistry
37:03 Guard Tower
39:49 Hoardings
39:24 Halberdier
40:57 Ballistics
41:32 Plate Mail Armor
40:43 Elite Skirmisher
41:33 Thumb Ring
41:44 Shield Wall
42:38 Bracer
44:17 Masonry
45:06 Ring Archer Armor
46:58 Crop Rotation
49:17 Two-Man Saw
49:33 Architecture
52:42 Keep
52:19 Elite Hearth Troop
58:18 Siege Engineers
60:36 Chain Barding Armor
59:41 Light Cavalry
60:50 Hussar
64:32 Town Watch
72:55 Elite Varangian Guard
83:52 Arson
Connection lost

Rejoining the realm…

Still unreachable

The connection could not be restored.

Session expired

The server has moved on; the page needs a fresh start.